 Dungeon Crawl Stone Soup version 0.13-a0-2318-gf5ad1f9 (webtiles) character file.

126 Kae the Firebug (level 3, -1/19 HPs)
             Began as a Tengu Fire Elementalist on July 10, 2013.
             Slain by Terence
             ... wielding a +2,+0 mace of holy wrath
              (7 damage)
             ... on Level 2 of the Dungeon.
             The game lasted 00:02:00 (1314 turns).

Kae the Firebug (Tengu Fire Elementalist)           Turns: 1314, Time: 00:02:00

HP  -1/19        AC  2     Str  8      XL: 3   Next: 35%
MP   0/7         EV 12     Int 16      God:
Gold 91          SH  0     Dex 14      Spells:  2 memorised,  2 levels left

Res.Fire  : . . .   See Invis. : +   (no weapon)
Res.Cold  : . . .   Warding    : .   a - +0 robe
Life Prot.: . . .   Conserve   : .   (no shield)
Res.Poison: .       Res.Corr.  : .   (helmet restricted)
Res.Elec. : .       Clarity    : .   (no cloak)
Sust.Abil.: . .     Spirit.Shd : .   (no gloves)
Res.Mut.  : .       Stasis     : .   (boots unavailable)
Res.Rott. : .       Flight     : .   (no amulet)
Saprovore : . . .                    h - ring of see invisible {unknown}
                                     e - ring of sustenance

@: not resistant to hostile enchantments, fairly stealthy
A: beak, talons 3
a: no special abilities


You were on level 2 of the Dungeon.
You were not hungry.

You visited 1 branch of the dungeon, and saw 2 of its levels.

You collected 71 gold pieces.

Inventory:

Armour
 a - a +0 robe (worn)
Comestibles
 c - 2 bread rations
 i - a pear
Scrolls
 g - 2 scrolls of remove curse {unknown}
 k - 3 scrolls of curse armour {unknown}
 l - a scroll of fog {unknown}
Jewellery
 e - a ring of sustenance (left hand)
 h - a ring of see invisible (right hand) {unknown}
Potions
 d - a potion of magic {unknown}
 f - 2 potions of heal wounds {unknown}
 j - a potion of brilliance {unknown}
Books
 b - a book of Flames

   Spells                             Type                      Level
   *Flame Tongue                      Conjuration/Fire             1
   *Throw Flame                       Conjuration/Fire             2
   Conjure Flame                      Conjuration/Fire             3
   Inner Flame                        Hexes/Fire                   3
   Sticky Flame                       Conjuration/Fire             4
   Fireball                           Conjuration/Fire             5


   Skills:
 - Level 2.1 Dodging
 - Level 2.0 Stealth
 + Level 1.5 Spellcasting
 * Level 3.0 Conjurations
 * Level 3.8 Fire Magic


You had 2 spell levels left.
You knew the following spells:

 Your Spells              Type           Power        Failure   Level  Hunger
a - Flame Tongue          Conj/Fire      ##...        8%          1    ##.....
b - Throw Flame           Conj/Fire      ##....       10%         2    ###....


Dungeon Overview and Level Annotations

Branches:
Dungeon (2/27)

Altars:
Ashenzari

Annotations
D:2 Terence


Innate Abilities, Weirdness & Mutations

You have a beak for a mouth.
You have claws for feet.


Message History

Aiming: Flame Tongue
Press: ? - help, Shift-Dir - straight line, f/p - Terence
Aim: Terence, wielding a runed mace and wearing a scale mail (severely wounded)
The flame hits Terence.
Terence appears unharmed.
Terence is severely wounded.
Terence misses you.
There is an open door here.
There is an open door here.
There is an open door here.
Casting: Flame Tongue
Confirm with . or Enter, or press ? or * to list all spells.
Aiming: Flame Tongue
Press: ? - help, Shift-Dir - straight line, f/p - Terence
Aim: Terence, wielding a runed mace and wearing a scale mail (severely wounded)
The flame hits Terence.
Terence is almost dead.
Terence barely misses you. Terence screams, "I want your blood!"
Terence hits you with a runed mace!
You die...

######## #......#
######## #......#
#.......# #......#
+.......#
#......######
#.......#
#............
#.......#
#......######
#...)...#####....<.#
#......@@...#......#
#.......###........#
#####'### ###......#
#..# ####.### #.##
..# ###'##### ### #
#.......###. #
#.......'.#.... #
#.......#.#..... #


You could see Terence.

Vanquished Creatures
  A giant gecko (D:1)
  A giant cockroach (D:1)
  4 goblins
  2 jackals (D:1)
  3 kobolds
  14 bats
  A quokka (D:2)
  6 rats
32 creatures vanquished.

Notes
Turn   | Place    | Note
--------------------------------------------------------------
     0 | D:1      | Kae, the Tengu Fire Elementalist, began the quest for the Orb.
     0 | D:1      | Reached XP level 1. HP: 10/10 MP: 3/3
   215 | D:1      | Reached XP level 2. HP: 9/15 MP: 5/5
   364 | D:1      | Learned a level 2 spell: Throw Flame
   788 | D:2      | Found a shattered altar of Ashenzari.
   977 | D:2      | Reached XP level 3. HP: 19/19 MP: 5/7
  1283 | D:2      | Noticed Terence
  1314 | D:2      | Slain by Terence

Action                   || total
-------------------------++-------
Melee: Unarmed           ||    39
 Cast: Flame Tongue      ||    51
  Use: Scroll            ||     5
 Stab: Sleeping          ||     1
